 Dungeon Sprint DCSS version 0.27-a0-906-g0a00ce863d (webtiles) character file.

Game seed: 16720136683122130523

4015 rocky1 the Blocker (level 10, 0/85 HPs)
             Began as a Formicid Fighter on Apr 7, 2021.
             Was the Champion of Cheibriados.
             Slain by a phantasmal warrior (24 damage)
             ... in the Dungeon (Sprint VII: "The Pits").
             The game lasted 00:08:33 (1924 turns).

rocky1 the Blocker (Formicid Fighter)               Turns: 1924, Time: 00:08:34

Health: 0/85       AC: 17    Str: 40    XL:     10   Next: 47%
Magic:  9/17       EV: 16    Int: 22    God:    Cheibriados [******]
Gold:   17         SH: 16    Dex: 25    Spells: 9/9 levels left

rFire    . . .     SeeInvis +   n - +1 broad axe (venom)
rCold    . . .     Faith    .   c - +0 kite shield
rNeg     . . .     Spirit   .   a - +3 chain mail
rPois    .         Reflect  .   (helmet unavailable)
rElec    .         Harm     .   p - +0 cloak
rCorr    .         Rampage  .   (no gloves)
Will     .....                  q - +0 pair of boots
Stlth    ..........             (no amulet)
HPRegen  0.24/turn              (no ring)
MPRegen  0.15/turn              (no ring)

@: mighty, weak-willed, very slow
A: permanent stasis, dig shafts and tunnels, antennae 3, four strong arms
a: Dig, Renounce Religion, Bend Time, Temporal Distortion, Slouch, Step From
Time


You were in the Dungeon.
You worshipped Cheibriados.
Cheibriados was exalted by your worship.
You visited 1 branch You collected 17 gold pieces.

Inventory:

Hand Weapons
 f - a +1 long sword of holy wrath
 k - a +2 vorpal hand axe
 n - a +1 broad axe of venom (weapon)
 o - a +2 scimitar of flaming
 r - a +0 shortbow
Missiles
 s - 18 arrows
Armour
 a - a +3 chain mail (worn)
 c - a +0 kite shield (worn)
 p - a +0 cloak (worn)
 q - a +0 pair of boots (worn)
Jewellery
 l - a +3 ring of protection
 m - a +3 ring of dexterity
Wands
 t - a wand of flame (14)
Scrolls
 i - 5 scrolls of amnesia
 j - a scroll of summoning
Potions
 b - 4 potions of heal wounds
 e - 9 potions of curing
 g - 4 potions of magic
 h - 2 potions of invisibility
 u - 2 potions of attraction {unknown}


   Skills:
 + Level 10.1 Fighting
 + Level 4.5 Long Blades
 + Level 10.5 Axes
 + Level 3.9 Bows
 + Level 9.8 Armour
 + Level 7.7 Dodging
 + Level 4.4 Stealth
 + Level 12.4 Shields
 + Level 10.3 Invocations


You had 9 spell levels left.
You didn't know any spells.
Your spell library was empty.

Dungeon Overview and Level Annotations

Branches:
Dungeon (1/1)

Altars:
Ashenzari
Cheibriados
Dithmenos
Elyvilon
Fedhas
Gozag
Hepliaklqana
Kikubaaqudgha
Makhleb
Nemelex Xobeh
Okawaru
Qazlal
Ru
Sif Muna
Trog
Uskayaw
Vehumet
Wu Jian
Xom
Yredelemnul
Zin
The Shining One
Beogh
Jiyva
Lugonu


Innate Abilities, Weirdness & Mutations

You cannot be hasted, slowed, berserked, paralysed or teleported.
You can dig through walls and to a lower floor.
You have a pair of large antennae on your head. (SInv)
Your four strong arms can wield two-handed weapons with a shield.


Message History

You block the phantasmal warrior's attack.
You slash the phantasmal warrior!
The phantasmal warrior is heavily damaged.
You barely miss the skeletal warrior. The phantasmal warrior hits you!!
* * * LOW HITPOINT WARNING * * *
The skeletal warrior hits you with a +0 scimitar.
* * * LOW HITPOINT WARNING * * *
You block the phantasmal warrior's attack.
Unknown command.
You step out of the flow of time.
You return to the normal time flow.
Unknown command.
Unknown command.
There is an open door here.
You feel much better.
You feel much better.
Unknown command.
You feel very mighty all of a sudden.
The skeletal warrior completely misses you.
Unknown command.
You slice the skeletal warrior!!
The skeletal warrior is moderately damaged.
The skeletal warrior hits you with a +0 scimitar!!
You barely miss the skeletal warrior.
The skeletal warrior is moderately damaged.
You block the skeletal warrior's attack.
You slash the skeletal warrior!
The skeletal warrior is heavily damaged.
The phantasmal warrior blinks!
You block the skeletal warrior's attack.
You slash the skeletal warrior!
The skeletal warrior is severely damaged.
You closely miss the phantasmal warrior.
You block the phantasmal warrior's attack.
The skeletal warrior hits you with a +0 scimitar!
* * * LOW HITPOINT WARNING * * *
Unknown command.
You hit the skeletal warrior.
The skeletal warrior is severely damaged.
You slash the phantasmal warrior! The phantasmal warrior hits you!!
You die...

'..#####'#####')######
#'###.......##''# ##### ##
†..##.......##..###...# ..'
...##.......##...##... ..#
#####...<...###...##'##..##
...##.......# ##[.........#
)..##.......###).###'###...#
#####.......##.W##.....## #
#.. ##########..@z......'..'
#.############..##.....##..#
#.#....#!.[[###..###'###...#
#)#....#....# ##...)......#
#.'....'...)###...##'##..##
#'#....#.!))##...##...# ..#
'.#....#.!).##..###...# ..+
################ ##### ##


You could see a skeletal warrior and a phantasmal warrior.

Vanquished Creatures
  A sea snake (D)
  A deep troll (D)
  A black mamba (D)
  Maurice (D)
  A smoke demon (D)
  A demonic crawler (D)
  An ice devil (D)
  A snapping turtle (D)
  A flying skull (D)
  A spriggan (D)
  A fire bat (D)
  A wyvern (D)
  Edmund (D)
  An acid dragon (D)
  An ogre (D)
  A centaur (D)
  A wolf (D)
  A scorpion (D)
  3 wights (D)
  A jelly (D)
  A hound (D)
  Crazy Yiuf (D)
  A gnoll shaman (D)
  4 gnolls (D)
  A river rat (D)
  2 orcs (D)
  A bat (D)
  2 bat zombies (D)
  A kobold (D)
  A ball python (D)
  A ball python skeleton (D)
  A frilled lizard (D)
  A quokka zombie (D)
  A rat (D)
41 creatures vanquished.

Notes
Turn   | Place    | Note
-------+----------+-------------------------------------------
     0 | D        | rocky1 the Formicid Fighter began the quest for the Orb.
     0 | D        | Reached XP level 1. HP: 18/18 MP: 1/1
    19 | D        | Found a bloodstained altar of Trog.
    19 | D        | Found a shimmering blue altar of Sif Muna.
    19 | D        | Found a viscous altar of Jiyva.
    19 | D        | Found a hazy altar of Hepliaklqana.
    19 | D        | Found an opulent altar of Gozag.
    20 | D        | Found a glowing golden altar of the Shining One.
    20 | D        | Found a glowing silver altar of Zin.
    20 | D        | Found a basalt altar of Yredelemnul.
    20 | D        | Found a shimmering altar of Xom.
    20 | D        | Found an ornate altar of the Wu Jian Council.
    20 | D        | Found a sacrificial altar of Ru.
    20 | D        | Found a stormy altar of Qazlal.
    20 | D        | Found an iron altar of Okawaru.
    20 | D        | Found a sparkling altar of Nemelex Xobeh.
    20 | D        | Found a burning altar of Makhleb.
    20 | D        | Found a blossoming altar of Fedhas.
    20 | D        | Found a white marble altar of Elyvilon.
    20 | D        | Found a shadowy altar of Dithmenos.
    20 | D        | Found a snail-covered altar of Cheibriados.
    22 | D        | Found a radiant altar of Vehumet.
    22 | D        | Found a corrupted altar of Lugonu.
    23 | D        | Found a hide-covered altar of Uskayaw.
    23 | D        | Found an ancient bone altar of Kikubaaqudgha.
    23 | D        | Found a broken altar of Ashenzari.
    31 | D        | Became a worshipper of Cheibriados the Contemplative
    86 | D        | Reached skill level 4 in Shields
    89 | D        | Noticed a scorpion
    93 | D        | Killed a scorpion
    93 | D        | Reached * piety under Cheibriados
    94 | D        | Reached skill level 5 in Axes
    94 | D        | Reached skill level 7 in Shields
    94 | D        | Reached XP level 2. HP: 15/24 MP: 2/2
    94 | D        | Reached XP level 3. HP: 18/29 MP: 3/3
    94 | D        | Reached XP level 4. HP: 22/35 MP: 4/4
   214 | D        | Reached ** piety under Cheibriados
   231 | D        | Noticed a fire bat
   241 | D        | Killed a fire bat
   242 | D        | Reached skill level 5 in Fighting
   242 | D        | Reached skill level 8 in Shields
   242 | D        | Reached XP level 5. HP: 43/44 MP: 4/7
   242 | D        | Reached XP level 6. HP: 50/51 MP: 4/8
   385 | D        | Reached *** piety under Cheibriados
   393 | D        | Reached skill level 5 in Armour
   458 | D        | Noticed a flying skull
   462 | D        | Reached skill level 9 in Shields
   466 | D        | Reached **** piety under Cheibriados
   479 | D        | Killed a flying skull
   480 | D        | Reached skill level 5 in Invocations
   480 | D        | Reached XP level 7. HP: 43/58 MP: 9/11
   495 | D        | Reached ***** piety under Cheibriados
   503 | D        | Noticed Edmund
   519 | D        | Killed Edmund
   520 | D        | Reached skill level 10 in Shields
   753 | D        | Reached ****** piety under Cheibriados
   767 | D        | Reached XP level 8. HP: 67/67 MP: 13/13
   769 | D        | Reached skill level 5 in Dodging
   884 | D        | Noticed a sea snake
   897 | D        | HP: 3/67 [sea snake (16)]
   899 | D        | Killed a sea snake
   900 | D        | Reached skill level 11 in Shields
   900 | D        | Reached XP level 9. HP: 9/75 MP: 3/15
  1279 | D        | Noticed a deep troll
  1283 | D        | Reached skill level 1 in Long Blades
  1283 | D        | Noticed a smoke demon
  1286 | D        | Killed a smoke demon
  1287 | D        | Reached skill level 1 in Bows
  1289 | D        | Killed a deep troll
  1435 | D        | Reached skill level 10 in Axes
  1435 | D        | Reached skill level 1 in Stealth
  1496 | D        | Noticed a snapping turtle
  1496 | D        | Noticed Crazy Yiuf
  1496 | D        | Noticed a black mamba
  1506 | D        | Killed Crazy Yiuf
  1515 | D        | Killed a snapping turtle
  1516 | D        | Reached skill level 12 in Shields
  1519 | D        | Killed a black mamba
  1520 | D        | Reached XP level 10. HP: 29/84 MP: 17/17
  1759 | D        | Noticed Maurice
  1759 | D        | Noticed an ice devil
  1767 | D        | Killed an ice devil
  1768 | D        | Reached skill level 10 in Invocations
  1780 | D        | Killed Maurice
  1781 | D        | Reached skill level 10 in Fighting
  1898 | D        | Noticed a skeletal warrior
  1899 | D        | Noticed a demonic crawler
  1899 | D        | Noticed a phantasmal warrior
  1910 | D        | Killed a demonic crawler
  1924 | D        | Slain by a phantasmal warrior

Illustrated notes

Levels and vault maps discovered:
D:        pitsprint [storerooms_1, entrance_room_1, metal_vault_5, armoury_2,
          mini_pit_1, grid_room_1, main_hall_1, silver_pit, the_coven_3,
          the_vestibule_1, steel_vault_4, golden_pit, hallway_of_sentries,
          crystal_vault_2, iron_vault_3, final_vault]

Skill      XL: |  1  2  3  4  5  6  7  8  9 10 |
---------------+-------------------------------+-----
Shields        | 7 8 9 10 11 12 | 12.4
Axes           | 5 7 8 9 10 | 10.5
Fighting       | 5 6 7 8 9 10 | 10.1
Armour         | 4 6 7 8 9 |  9.8
Dodging        | 2 4 6 7 |  7.7
Invocations    | 3 5 7 8 9 10 | 10.3
Long Blades    | 3 4 |  4.5
Bows           | 3 |  3.9
Stealth        | 3 4 |  4.4

Action                   |  1- 3 |  4- 6 |  7- 9 | 10-12 || total
-------------------------+-------+-------+-------+-------++-------
Melee: Hand axe          |     6 |    37 |    73 |       ||   116
       War axe           |     2 |       |       |       ||     2
       Broad axe         |       |       |    34 |    30 ||    64
       Long sword        |       |       |       |     3 ||     3
Invok: Slouch            |       |       |     4 |       ||     4
       Step From Time    |       |       |       |     1 ||     1
  Use: Potion            |       |     1 |     2 |     3 ||     6
Armor: Scale mail        |     3 |     5 |       |       ||     8
       Chain mail        |       |     7 |    15 |    11 ||    33
Dodge: Dodged            |     9 |    14 |    37 |    17 ||    77
Block: Kite shield       |       |    27 |    73 |    42 ||   142
       Rpst.: Long sword |       |       |       |     1 ||     1

Table legend: (Time is in decaauts)
 A = Elapsed time spent in this place.
 B = Non-inter-level travel time spent in this place.
 C = Inter-level travel time spent in this place.
 D = Time resting spent in this place.
 E = Time spent auto-exploring this place.
 F = Levels seen in this place.
 G = Mean time per level.
                   A        B        C        D        E       F      G
               +--------+--------+--------+--------+--------+-----+--------+
         Total |   2241 |   2089 |    152 |   1247 |      0 |   1 | 2241.0 |
       Dungeon |   2241 |   2089 |    152 |   1247 |      0 |   1 | 2241.0 |
               +--------+--------+--------+--------+--------+-----+--------+

Top non-repeatable levels by time:
       D: 2241 daAuts
